 Dungeon Crawl Stone Soup version 0.21-a0-227-g58a7c62 (webtiles) character file.

206254 Gorglomux the Spry (level 18, -4/91 HPs)
             Began as a Spriggan Air Elementalist on Aug 29, 2017.
             Was the Champion of Dithmenos.
             Killed from afar by a nagaraja (5 damage)
             ... with a splash of poison
             ... on level 4 of the Snake Pit on Aug 30, 2017.
             The game lasted 02:05:16 (39649 turns).

Gorglomux the Spry (Spriggan Air Elementalist)     Turns: 39649, Time: 02:05:17

Health: -4/91      AC: 12    Str:  9    XL:     18   Next: 44%
Magic:  42/48      EV: 38    Int: 21    God:    Dithmenos [******]
Gold:   1572       SH:  9    Dex: 25    Spells: 24/50 levels left

rFire    . . .     SeeInvis +   a - +7 rapier of Butchery {pierce, rN+}
rCold    . . .     Gourm    .   G - +0 buckler
rNeg     + . .     Faith    +   z - +4 troll leather armour
rPois    +         Spirit   .   (helmet restricted)
rElec    .         Reflect  .   Z - +2 cloak
rCorr    .         Harm     .   (gloves unavailable)
MR       +++..                  (boots unavailable)
Stlth    ++++++++++             Y - amulet of faith
HPRegen  0.65/turn              o - ring of poison resistance
MPRegen  0.31/turn              H - ring of magical power

@: mighty, agile, silence, hasted, wreathed by umbra, constricted, very quick
A: unfitting armour, see invisible, herbivore 3, speed 3, slow metabolism 2
a: Renounce Religion


You were on level 4 of the Snake Pit.
You worshipped Dithmenos.
Dithmenos was exalted by your worship.
You were not hungry.

You visited 5 branches of the dungeon, and saw 30 of its levels.
You also visited: Labyrinth.

You collected 2546 gold pieces.
You spent 974 gold pieces at shops.

Inventory:

Hand Weapons
 a - the +7 rapier of Butchery (weapon) {pierce, rN+}
   (You found it on level 2 of the Lair of Beasts)

   It inflicts extra damage upon your enemies.
   It protects you from negative energy.
 b - a +1 quick blade of freezing
Armour
 z - a +4 troll leather armour (worn)
 G - a +0 buckler (worn)
 Z - a +2 cloak (worn)
Jewellery
 c - an uncursed ring of protection from cold
 g - an uncursed ring of resist corrosion
 l - an uncursed ring of flight
 o - a ring of poison resistance (left hand)
 y - the ring "Vettid" {Wiz rF++ rC- Stlth+}
   (You found it on level 2 of the Lair of Beasts)

   [ring of wizardry]

   It improves your spell success rate.
   It greatly protects you from fire.
   It makes you vulnerable to cold.
   It makes you more stealthy.
 H - a ring of magical power (right hand)
 Y - an amulet of faith (around neck)
Wands
 e - a wand of paralysis (9/24)
 x - a wand of digging (12/24)
 A - a wand of acid (0/15)
 D - a wand of digging (7/24)
 P - a wand of paralysis (16/24)
 S - a wand of scattershot (5/9)
Scrolls
 f - a scroll of summoning
 h - a scroll of enchant armour
 r - 5 scrolls of recharging
 B - a scroll of acquirement
 I - a scroll of enchant weapon
 L - 2 scrolls of silence
 M - 4 scrolls of magic mapping
 O - 7 scrolls of amnesia
 R - 8 scrolls of identify
 T - 8 scrolls of teleportation
 V - 11 scrolls of remove curse
Potions
 p - 3 potions of agility
 q - 4 potions of haste
 s - a potion of invisibility {unknown}
 t - a potion of resistance
 u - 3 potions of mutation {!q}
 v - 4 potions of might
 w - 2 potions of brilliance
 J - 3 potions of magic
 Q - 14 potions of curing
 U - 5 potions of lignification
 W - 3 potions of cancellation
 X - 5 potions of heal wounds
Books
 d - a book of the Earth

   Spells                             Type                      Level
   a - Leda's Liquefaction            Hexes/Earth                  4
   b - Bolt of Magma                  Conjuration/Fire/Earth       5
   c - Statue Form                    Transmutation/Earth          6
   d - Iron Shot                      Conjuration/Earth            6
   e - Shatter                        Earth                        9
 j - a book of Misfortune

   Spells                             Type                      Level
   a - Confusing Touch                Hexes                        1
   b - Confuse                        Hexes                        3
   c - Gell's Gravitas                Translocation                3
   d - Petrify                        Transmutation/Earth          4
   e - Metabolic Englaciation         Hexes/Ice                    5
   f - Yara's Violent Unravelling     Hexes/Transmutation          5
 k - a book of Enchantments

   Spells                             Type                      Level
   a - Cause Fear                     Hexes                        4
   b - Yara's Violent Unravelling     Hexes/Transmutation          5
   c - Silence                        Hexes/Air                    5
   d - Deflect Missiles               Charms/Air                   6
   e - Discord                        Hexes                        8
 n - a book of Air

   Spells                             Type                      Level
   a - Shock                          Conjuration/Air              1
   b - Swiftness                      Charms/Air                   2
   c - Static Discharge               Conjuration/Air              3
   d - Airstrike                      Air                          4
   e - Lightning Bolt                 Conjuration/Air              5
 C - a book of Necromancy

   Spells                             Type                      Level
   a - Pain                           Necromancy                   1
   b - Animate Skeleton               Necromancy                   1
   c - Vampiric Draining              Necromancy                   3
   d - Regeneration                   Charms/Necromancy            3
   e - Animate Dead                   Necromancy                   4
   f - Control Undead                 Necromancy                   4
 K - a book of Callings

   Spells                             Type                      Level
   a - Summon Small Mammal            Summoning                    1
   b - Call Imp                       Summoning                    2
   c - Call Canine Familiar           Summoning                    3
   d - Summon Guardian Golem          Hexes/Summoning              3
   e - Summon Lightning Spire         Summoning/Air                4
   f - Summon Ice Beast               Ice/Summoning                4
 N - a book of Summonings

   Spells                             Type                      Level
   a - Recall                         Summoning/Translocation      3
   b - Aura of Abjuration             Summoning                    5
   c - Summon Demon                   Summoning                    5
   d - Summon Forest                  Summoning/Translocation      5
   e - Summon Mana Viper              Hexes/Summoning              5
   f - Shadow Creatures               Summoning                    6
Miscellaneous
 E - a lightning rod (4/4)
Comestibles
 i - 27 fruits
 m - 26 royal jellies
 F - a bread ration


   Skills:
 - Level 8.4 Fighting
 - Level 14.0 Short Blades
 - Level 5.2 Armour
 - Level 18.0 Dodging
 - Level 15.0 Stealth
 - Level 6.6 Shields
 + Level 16.6 Spellcasting
 - Level 0.6 Conjurations
 + Level 16.5 Hexes
 - Level 7.0 Summonings
 - Level 2.6 Air Magic
 + Level 5.6 Invocations
 - Level 5.5 Evocations


You had 24 spell levels left.
You knew the following spells:

 Your Spells              Type           Power        Failure   Level  Hunger
a - Shock                 Conj/Air       ###.         2%          1    None
b - Cause Fear            Hex            ######....   1%          4    None
c - Summon Mana Viper     Hex/Summ       ######..     1%          5    ##.....
d - Silence               Hex/Air        ######....   2%          5    ##.....
e - Discord               Hex            ######....   32%         8    #######
x - Confuse               Hex            ######..     0%          3    None


Dungeon Overview and Level Annotations

Branches:
Dungeon (15/15)            Temple (0/1) D:6            Lair (6/6) D:8
 Shoals (0/4) Lair:4        Snake (4/4) Lair:2        Slime (0/5) Lair:6
    Orc (2/2) D:9             Elf (3/3) Orc:2        Vaults (0/5) D:13
 Depths (0/5) D:15

Altars:
Cheibriados
Dithmenos
Fedhas
Hepliaklqana
Kikubaaqudgha
Makhleb
Nemelex Xobeh
Okawaru
Ru
Sif Muna
Trog
Uskayaw
Vehumet
Xom
Zin
The Shining One

Shops:
D:4 %   D:5 =   D:9 ![=[   D:11 *   D:15 }   Orc:2 (}!(   Snake:1 }   Snake:3 (

Annotations:
D:8 Gastronok
D:11 4 runed doors
Lair:3 exclusion: oklob plant
Lair:5 exclusion: 3 oklob plants
Lair:6 exclusion: 4 oklob plants


Innate Abilities, Weirdness & Mutations

You are very small and have problems with some larger weapons.
You are too small for most types of armour.
You have supernaturally acute eyesight. (SInv)
You are a herbivore.
You cover ground extremely quickly.
You need consume almost no food.


Message History

The nagaraja completely misses you!
The nagaraja hits you from afar with a halberd!!!!!!
Unknown command!
Butt command!
You barely miss the nagaraja!
The nagaraja is heavily wounded!
The nagaraja completely misses you! x2; The butt completely misses you!
The naga grabs you! The naga constricts you!
The nagaraja completely misses you!
You perforate the nagaraja like a sieve!!!
The butt is severely wounded!
Unknown command!
You stick the nagaraja like a pincushion!!!
You annihilate the nagaraja!!!
Dithmenos roars: ANNIHILATED!
The nagaraja hits you from afar with a halberd!!!!!! * * * butt'butt die
* * * The nagaraja spits poison at you!
The splash of poison hits you!!! You resist! rip

### ###### ..###
###N§/.### ....##
#N@NN....# .†...#######
#SNNN§.....# #
).....##.).##.§§S§§......
#
.).....)..).......§......
##
..)..##.....##§.........#
#.
...)#####.#####....=.$.##
##. ..### #..†#
###....### #.. ###
###'### ##### #.#
####.....#######.#### #.#


You could see 2 naga warriors, 3 nagarajas, 2 guardian serpents and 2 nagas.

Vanquished Creatures
  Bai Suzhen (Snake:4)
  Saint Roka (Elf:2)
  Rupert (Lair:3)
  A deep elf master archer (Elf:3)
  2 deep elf blademasters (Elf:3)
  Agnes (Elf:1)
  Frances (D:14)
  Kirke (D:12)
  8 nagarajas
  Roxanne (D:15)
  2 deep elf sorcerers
  Louise (Snake:1)
  A deep elf elementalist (Elf:3)
  A stone giant (D:9)
  Azrael (Elf:2)
  A dire elephant (Lair:6)
  2 deep elf annihilators (Elf:3)
  A deep elf demonologist (Elf:1)
  2 deep elf death magi (Elf:3)
  A minotaur (Lab)
  A yaktaur captain (D:15)
  A deep elf high priest (Elf:3)
  Erolcha (Orc:2)
  An ogre mage (D:15)
  3 naga warriors
  Fannar (D:12)
  2 catoblepae
  3 hydras
  4 centaur warriors
  12 two-headed ogres
  21 dancing weapons
  A deep troll shaman (Lair:6)
  6 anacondas
  2 tengu warriors
  3 death yaks (Lair:6)
  4 orc high priests (Orc:2)
  9 shock serpents
  12 deep elf knights
  6 naga sharpshooters
  Urug (D:13)
  6 unseen horrors
  7 skeletal warriors
  6 naga ritualists
  2 wizards (Elf:1)
  8 deep elf archers
  A harpy (shapeshifter) (D:9)
  5 orc knights (Orc:2)
  A necromancer (Lair:4)
  51 deep elf magi
  2 oklob plants
  11 ugly things
  3 cyclopes
  3 manticores
  A merfolk siren (Lair:4)
  5 mana vipers
  5 salamanders
  6 guardian serpents
  8 elephants (Lair:6)
  37 black mambas
  8 naga magi
  4 spiny frogs
  2 gargoyles (D:12)
  2 rime drakes
  2 yaktaurs
  2 yaktaurs (shapeshifter)
  7 komodo dragons
  A kobold demonologist (D:12)
  A redback zombie (D:14)
  A freezing wraith (D:13)
  An efreet (D:15)
  2 tengu conjurers (D:15)
  10 polar bears
  5 trolls
  2 queen bees
  A hornet (shapeshifter) (D:12)
  Grinder (D:4)
  2 hornets
  11 dream sheep
  20 blink frogs
  19 hippogriffs
  8 redbacks
  A shadow (D:11)
  6 air elementals
  4 water elementals (Elf:3)
  A wraith (D:11)
  23 yaks
  6 fire elementals
  3 wyverns
  13 hungry ghosts
  16 humans
  A steam dragon (D:12)
  39 nagas
  20 water moccasins
  A soldier ant (D:13)
  4 hell hounds
  2 porcupines
  23 orc warriors
  10 black bears
  2 elephant zombies (Lair:4)
  An eye of draining (D:11)
  4 ice beasts
  A necrophage (D:12)
  6 phantoms
  11 ogres
  7 boggarts
  10 wolves (Lair:6)
  8 centaurs
  10 crocodiles
  A big kobold (D:12)
  15 bullfrogs
  A gnoll sergeant (D:10)
  A wyvern skeleton (D:14)
  2 earth elementals (Elf:1)
  4 scorpions
  41 killer bees
  3 vampire bats (Lair:6)
  22 wights
  4 howler monkeys
  5 electric eels
  7 lava snakes
  6 crimson imps
  4 centaur zombies
  A bullfrog zombie (D:11)
  7 centaur skeletons
  A quasit (D:13)
  2 basilisk zombies (Lair:4)
  8 hounds
  A gnoll shaman (D:4)
  5 jellies
  28 orc priests
  A bullfrog skeleton (D:4)
  Ijyb (D:4)
  3 iguanas
  8 worker ants
  11 orc wizards
  A statue (D:9)
  2 hound zombies
  3 hound skeletons
  A mummy (D:7)
  A worker ant zombie (D:11)
  Robin (D:2)
  18 gnolls
  20 adders
  2 shadow imps (D:15)
  3 adder zombies
  3 worms
  A dart slug (D:4)
  7 leopard geckos
  64 orcs
  5 giant cockroaches
  12 hobgoblins
  11 jackals
  4 quokkas
  13 bats
  4 frilled lizards
  13 goblins
  15 kobolds
  7 rats
  A fire vortex (Lair:4)
1043 creatures vanquished.

Vanquished Creatures (collateral kills)
  2 nagarajas
  A deep elf sorcerer (Elf:3)
  A deep elf annihilator (Elf:3)
  A naga warrior (Snake:4)
  2 anacondas
  6 dancing weapons
  An orc high priest (Orc:2)
  2 naga sharpshooters
  2 deep elf knights (Elf:2)
  A mana viper (Snake:3)
  4 deep elf magi
  2 black mambas
  2 guardian serpents (Snake:4)
  2 naga magi (Snake:4)
  A troll (Elf:2)
  A redback (Snake:4)
  A fire elemental (Elf:2)
  5 nagas (Snake:4)
  A hell hound (Elf:2)
  9 orc warriors
  4 orc priests (Orc:2)
  4 orcs (Orc:2)
55 creatures vanquished.

Vanquished Creatures (others)
  2 humans (D:12)
  A scorpion (D:12)
  A killer bee (D:13)
  3 orcs
  2 fungi (Lair:1)
  4 plants
13 creatures vanquished.

Grand Total: 1111 creatures vanquished

Notes
Turn   | Place    | Note
-------+----------+-------------------------------------------
     0 | D:1      | Gorglomux the Spriggan Air Elementalist began the quest for the Orb.
     0 | D:1      | Reached XP level 1. HP: 9/9 MP: 5/5
   489 | D:1      | Reached XP level 2. HP: 13/13 MP: 3/6
  1377 | D:2      | Reached XP level 3. HP: 10/16 MP: 0/8
  1682 | D:1      | Reached skill level 4 in Dodging
  2148 | D:2      | Reached skill level 1 in Short Blades
  2159 | D:2      | Noticed Robin
  2410 | D:2      | Found a glowing silver altar of Zin.
  2513 | D:2      | Found a sparkling altar of Nemelex Xobeh.
  2595 | D:2      | Killed Robin
  2595 | D:2      | Reached XP level 4. HP: 8/21 MP: 0/9
  3239 | D:3      | Found a sacrificial altar of Ru.
  3392 | D:3      | Found a shadowy altar of Dithmenos.
  3396 | D:3      | Became a worshipper of Dithmenos the Shadowed
  3459 | D:3      | Reached skill level 6 in Stealth
  3459 | D:3      | Reached XP level 5. HP: 24/24 MP: 10/10
  3686 | D:3      | Reached skill level 5 in Dodging
  4054 | D:4      | Noticed Ijyb
  4067 | D:4      | Paralysed by Ijyb for 3 turns
  4075 | D:4      | Killed Ijyb
  4075 | D:4      | Reached * piety under Dithmenos
  4075 | D:4      | Reached skill level 3 in Short Blades
  4079 | D:4      | Noticed Grinder
  4183 | D:4      | Reached XP level 6. HP: 28/28 MP: 4/11
  4308 | D:4      | Killed Grinder
  4308 | D:4      | Reached skill level 6 in Dodging
  4308 | D:4      | Reached XP level 7. HP: 32/32 MP: 10/12
  4899 | D:4      | Found Lyzxit's Food Boutique.
  4906 | D:4      | Reached skill level 7 in Dodging
  5272 | D:5      | Entered Level 5 of the Dungeon
  5278 | D:5      | Reached skill level 9 in Stealth
  5303 | D:5      | Found Ydiyntop's Jewellery Shop.
  5544 | D:5      | You fall through a shaft!
  5591 | D:6      | Found a staircase to the Ecumenical Temple.
  5599 | D:5      | Reached ** piety under Dithmenos
  5890 | D:5      | Reached XP level 8. HP: 33/36 MP: 1/13
  6030 | D:5      | Found a hazy altar of Hepliaklqana.
  6073 | D:5      | Reached skill level 8 in Dodging
  6495 | D:6      | Found an ancient bone altar of Kikubaaqudgha.
  6828 | D:7      | Noticed a hippogriff
  6831 | D:7      | Killed a hippogriff
  6831 | D:7      | Reached skill level 6 in Short Blades
  6831 | D:7      | Reached skill level 9 in Dodging
  6886 | D:7      | Found a glowing golden altar of the Shining One.
  7426 | D:7      | Found a deep blue altar of Sif Muna.
  7549 | D:6      | Found an iron altar of Okawaru.
  7554 | D:6      | Reached XP level 9. HP: 39/39 MP: 14/14
  7557 | D:6      | Reached skill level 10 in Dodging
  7602 | D:7      | Found a snail-covered altar of Cheibriados.
  7652 | D:8      | Reached *** piety under Dithmenos
  7672 | D:8      | Noticed a queen bee
  7673 | D:8      | Killed a queen bee
  7677 | D:8      | Reached skill level 12 in Stealth
  7727 | D:8      | Reached skill level 11 in Dodging
  7979 | D:8      | Found a burning altar of Makhleb.
  8037 | D:8      | Noticed Gastronok
  8102 | D:8      | Found a hide-covered altar of Uskayaw.
  8239 | D:8      | Found an iron altar of Okawaru.
  8270 | D:8      | Reached **** piety under Dithmenos
  8396 | D:8      | Got a twisted broad axe
  8398 | D:8      | Identified the +8 broad axe of the Hummingbird {chop, rN+ SInv} (You found it on level 8 of the Dungeon)
  8439 | D:8      | Noticed a two-headed ogre
  8439 | D:8      | Found a staircase to the Lair.
  8594 | D:8      | Killed a two-headed ogre
  8594 | D:8      | Reached skill level 12 in Dodging
  8594 | D:8      | Reached XP level 10. HP: 24/44 MP: 4/15
  8793 | D:9      | Reached skill level 9 in Short Blades
  8802 | D:9      | Found Perch's Armour Shop.
  8841 | D:9      | Found a shimmering altar of Xom.
  8918 | D:9      | Found Wainotog's Antique Armour Emporium.
  9018 | D:9      | Noticed a stone giant
  9021 | D:9      | Noticed a guardian serpent
  9424 | D:9      | Found Jopn's Jewellery Shoppe.
  9480 | D:9      | Noticed a fire crab
  9520 | D:10     | Entered Level 10 of the Dungeon
  9606 | D:9      | Reached skill level 1 in Fighting
  9609 | D:9      | Noticed a two-headed ogre
  9651 | D:9      | Killed a two-headed ogre
  9651 | D:9      | Reached skill level 13 in Dodging
  9902 | D:9      | Found a bloodstained altar of Trog.
 10174 | D:10     | Noticed an unseen horror
 10175 | D:10     | Killed an unseen horror
 10230 | D:10     | Reached XP level 11. HP: 51/51 MP: 16/16
 10479 | D:10     | Reached ***** piety under Dithmenos
 10516 | D:10     | Reached skill level 3 in Fighting
 10937 | D:10     | Reached skill level 15 in Stealth
 11324 | D:10     | Reached skill level 1 in Shields
 11837 | D:10     | Noticed a two-headed ogre
 11857 | D:10     | Killed a two-headed ogre
 11857 | D:10     | Reached skill level 3 in Shields
 12005 | D:11     | Found Tualeic's Assorted Antiques.
 12017 | D:11     | Learned a level 3 spell: Confuse
 12022 | D:11     | Bought a papyrus book for 480 gold pieces
 12039 | D:11     | Found a blossoming altar of Fedhas.
 12169 | D:11     | Noticed a two-headed ogre
 12257 | D:11     | Killed a two-headed ogre
 12552 | D:11     | Found a runed door.
 12553 | D:11     | Noticed a two-headed ogre
 12561 | D:11     | Found a runed door.
 12562 | D:11     | Found a runed door.
 12562 | D:11     | Noticed a centaur warrior
 12562 | D:11     | Noticed a purple ugly thing
 12591 | D:11     | Noticed an unseen horror
 12598 | D:11     | Noticed an unseen horror
 12612 | D:11     | Killed an unseen horror
 12616 | D:11     | Identified the Almanac of Flying Transmutation
 12708 | D:11     | Reached skill level 6 in Shields
 12725 | D:11     | Noticed a white ugly thing
 12726 | D:11     | Got a creamy pearl robe
 12737 | D:11     | Identified the +2 robe "Meuptiulu" {rF+ Str-4 Int+2} (You took it off a boggart on level 11 of the Dungeon)
 12737 | D:11     | Lost strength.
 12829 | D:11     | Noticed a two-headed ogre
 12844 | D:11     | Killed a two-headed ogre
 12879 | D:11     | Killed an unseen horror
 12906 | D:11     | Noticed a deep elf mage
 12907 | D:11     | Found a runed door.
 13001 | D:12     | Reached XP level 12. HP: 56/56 MP: 17/17
 13032 | D:12     | Reached skill level 3 in Evocations
 13165 | D:12     | Reached ****** piety under Dithmenos
 13200 | D:12     | Noticed Kirke
 13202 | D:12     | Killed Kirke
 13285 | D:12     | Reached skill level 3 in Armour
 13316 | D:12     | Noticed Fannar
 13745 | D:12     | Killed Fannar
 14253 | D:9      | Killed a stone giant
 14369 | D:9      | Found a staircase to the Orcish Mines.
 14446 | D:9      | Found a radiant altar of Vehumet.
 14477 | D:9      | Found a blossoming altar of Fedhas.
 14480 | D:9      | Found a sacrificial altar of Ru.
 14818 | D:9      | Found Epoyw's Distillery.
 14821 | D:9      | Bought a potion of might for 44 gold pieces
 14821 | D:9      | Bought a potion of heal wounds for 55 gold pieces
 14821 | D:9      | Bought a potion of mutation for 88 gold pieces
 14821 | D:9      | Bought a potion of curing for 33 gold pieces
 15040 | Lair:1   | Entered Level 1 of the Lair of Beasts
 15344 | Lair:1   | Noticed an eight-headed hydra
 15346 | Lair:1   | Killed an eight-headed hydra
 15346 | Lair:1   | Reached skill level 6 in Fighting
 15568 | Lair:1   | Reached XP level 13. HP: 52/66 MP: 14/18
 16408 | Lair:2   | Found a staircase to the Snake Pit.
 16523 | Lair:2   | You fall through a shaft!
 16545 | Lair:3   | Noticed Rupert
 16566 | Lair:3   | Paralysed by Rupert for 3 turns
 16819 | Lair:2   | Got a flickering bronze ring
 16821 | Lair:2   | Identified the ring "Vettid" {Wiz rF++ rC- Stlth+} (You found it on level 2 of the Lair of Beasts)
 17065 | Lair:2   | Got a slimy rapier
 17066 | Lair:2   | Identified the +7 rapier of Butchery {pierce, rN+} (You found it on level 2 of the Lair of Beasts)
 17446 | Lair:3   | Upgraded the game from 0.21-a0-225-g207ae17 to 0.21-a0-227-g58a7c62
 18009 | Lair:3   | Killed Rupert
 18009 | Lair:3   | Reached skill level 12 in Short Blades
 18675 | Lair:4   | Identified the Disquisition on the Escort
 18712 | Lair:4   | Found a staircase to the Shoals.
 19492 | Lair:5   | Identified the Volume of Damaging Dark Magic
 20015 | Lair:6   | Entered Level 6 of the Lair of Beasts
 20462 | Lair:6   | Reached XP level 14. HP: 62/74 MP: 19/19
 20497 | Lair:6   | Reached skill level 3 in Spellcasting
 20497 | Lair:6   | Reached skill level 1 in Hexes
 20703 | Lair:6   | Reached skill level 3 in Hexes
 21154 | Lair:6   | Reached skill level 6 in Spellcasting
 21509 | Lair:6   | Reached skill level 6 in Hexes
 21597 | Lair:6   | Found a staircase to the Slime Pits.
 21834 | D:9      | Bought a potion of agility for 44 gold pieces
 22643 | D:13     | Found a gate to the Vaults.
 22643 | D:13     | Noticed Urug
 23062 | D:13     | Killed Urug
 23857 | D:12     | Reached skill level 9 in Spellcasting
 24064 | D:14     | Noticed Frances
 24065 | D:14     | Killed Frances
 24065 | D:14     | Reached skill level 9 in Hexes
 24176 | D:14     | You fall through a shaft!
 24176 | D:15     | Entered Level 15 of the Dungeon
 24413 | D:14     | Reached XP level 15. HP: 78/78 MP: 30/30
 24908 | D:15     | Noticed Roxanne
 24927 | D:15     | Killed Roxanne
 25203 | D:15     | Found Josh's Gadget Shoppe.
 26018 | D:15     | Learned a level 4 spell: Cause Fear
 26024 | D:15     | Learned a level 5 spell: Summon Mana Viper
 26255 | D:15     | Reached skill level 1 in Summonings
 26257 | D:15     | Found a staircase to the Depths.
 26471 | Orc:1    | Entered Level 1 of the Orcish Mines
 26701 | Orc:2    | Entered Level 2 of the Orcish Mines
 26708 | Orc:2    | Found a staircase to the Elven Halls.
 26735 | Orc:2    | Noticed Erolcha
 26740 | Orc:2    | Found a labyrinth entrance.
 26741 | Orc:2    | Killed Erolcha
 26751 | Lab      | Entered a labyrinth
 26877 | Lab      | Reached skill level 3 in Summonings
 28624 | Orc:2    | Found Hog Qoc's Weapon Boutique.
 28624 | Orc:2    | Found Duipy's Distillery.
 28625 | Orc:2    | Found Taebug's Gadget Shop.
 28625 | Orc:2    | Found Pyfed's Weapon Boutique.
 28636 | Orc:2    | Bought a potion of heal wounds for 50 gold pieces
 28636 | Orc:2    | Bought a potion of haste for 100 gold pieces
 28636 | Orc:2    | Bought a potion of might for 40 gold pieces
 28636 | Orc:2    | Bought a potion of might for 40 gold pieces
 28695 | Elf:1    | Entered Level 1 of the Elven Halls
 28699 | Elf:1    | Reached skill level 6 in Summonings
 28907 | Elf:1    | Noticed Agnes
 28909 | Elf:1    | Killed Agnes
 28969 | Elf:1    | Reached skill level 12 in Spellcasting
 28969 | Elf:1    | Reached XP level 16. HP: 82/82 MP: 33/33
 29224 | Elf:1    | Reached skill level 14 in Dodging
 29389 | Elf:1    | Reached skill level 12 in Hexes
 30364 | Elf:2    | Found a huge runed gate.
 30364 | Elf:2    | Found a huge runed gate.
 30364 | Elf:2    | Found a huge runed gate.
 30365 | Elf:2    | Found a huge runed gate.
 30367 | Elf:2    | Found a huge runed gate.
 30440 | Elf:2    | Found a deep blue altar of Sif Muna.
 30566 | Elf:2    | Noticed Saint Roka
 30614 | Elf:2    | Killed Saint Roka
 30673 | Elf:2    | Reached skill level 15 in Dodging
 31695 | Elf:2    | Noticed Azrael
 31870 | Elf:2    | Killed Azrael
 32311 | Elf:2    | Reached skill level 16 in Dodging
 32825 | Elf:3    | Entered Level 3 of the Elven Halls
 32832 | Elf:3    | Learned a level 5 spell: Silence
 33042 | Elf:3    | Reached XP level 17. HP: 86/86 MP: 36/36
 33558 | Elf:3    | Noticed a deep elf blademaster
 33561 | Elf:3    | Killed a deep elf blademaster
 33562 | Elf:3    | Noticed a deep elf master archer
 33562 | Elf:3    | Noticed a deep elf blademaster
 33562 | Elf:3    | Noticed a deep elf master archer
 33567 | Elf:3    | Killed a deep elf master archer
 33572 | Elf:3    | Reached skill level 17 in Dodging
 33574 | Elf:3    | Killed a deep elf blademaster
 33575 | Elf:3    | Noticed a deep elf blademaster
 33575 | Elf:3    | Noticed a deep elf master archer
 33580 | Elf:3    | Noticed a deep elf blademaster
 34317 | Snake:1  | Entered Level 1 of the Snake Pit
 34483 | Snake:1  | Found Xiboferiow's Gadget Shop.
 34577 | Snake:1  | Noticed Louise
 34593 | Snake:1  | Killed Louise
 34690 | Snake:1  | Found a hazy altar of Hepliaklqana.
 34843 | Snake:1  | Reached skill level 15 in Spellcasting
 34914 | Snake:1  | Reached skill level 15 in Hexes
 36737 | Snake:3  | Identified a scroll of acquirement
 36841 | Snake:3  | Reached skill level 18 in Dodging
 37070 | Snake:3  | Found Ciatuitz's Weapon Boutique.
 37199 | Snake:3  | Reached skill level 1 in Invocations
 37519 | Snake:3  | Reached XP level 18. HP: 84/91 MP: 38/38
 37572 | Snake:3  | Learned a level 8 spell: Discord
 38022 | Snake:4  | Entered Level 4 of the Snake Pit
 38138 | Snake:4  | Reached skill level 3 in Invocations
 38728 | Snake:4  | Found a glowing silver altar of Zin.
 39153 | Snake:4  | Noticed Bai Suzhen
 39235 | Snake:4  | Killed Bai Suzhen
 39649 | Snake:4  | HP: 1/91 [nagaraja/halberd (31)]
 39649 | Snake:4  | Killed from afar by a nagaraja

Vault maps used:
D:1:      lemuel_arrival_funnel
D:2:      nemelex_altar_shiori, nicolae_overflow_hidden_temple, uniq_robin
D:3:      overflow_temple_1_default, nicolae_ru_awakened_eye
D:4:      first_bread, kennysheep_small_square, uniq_ijyb, uniq_grinder
D:5:      kennysheep_mini, serial_shops, shop
D:6:      lemuel_upstairs_altar, kennysheep_little_box, minmay_temple_entry_grid
D:7:      tgw_sif, lemuel_round_altar, slow_altar_2
D:8:      old_standard_altar, marbit_many_paths, lemuel_doored_altar,
          minmay_lair_entry_lava, david_nohive_1, uniq_gastronok
D:9:      bloody_trog, vehumet_statue, xom_confusion_cloud, orc_0_dummy,
          serial_shops, shop, kennysheep_mini_moat, nicolae_shop_behind_doors,
          shop, serial_bayou_pond_e, minmay_fountain_box, jmf_multi_god_temple
D:10:     minivault_7
D:11:     minmay_the_grid_triangle_9x9_recursive_3_mashed, serial_shops,
          nicolae_shop_overgrown_old_shop
D:12:     minmay_item_behind_shaft, uniq_fannar, uniq_kirke
D:13:     david_vaults_3, fountainhead, st_stairs_1, minivault_25
D:14:     nicolae_lava_and_water, uniq_frances
D:15:     grunt_enter_depths_snipers, serial_shops, shop, uniq_roxanne
Lair:1:   beast_lair_carwin_large_4
Lair:2:   guppyfry_snake_entry_island, lemuel_fruit_tree, grunt_megastairs_4
Lair:3:   minmay_lair_oklob_bushes, beast_lair_carwin_7, uniq_rupert
Lair:4:   pond_and_an_island_with_a_cottage, minmay_shoals_entry_lonely_mermaid
Lair:5:   cheibrodos_lair_lostbears, grunt_megastairs_3,
          minmay_lair_oklob_chamber
Lair:6:   grunt_lair_end_beastmaster, minmay_slime_entry_oklob_enclosed,
          st_stairs_4, roderic_batcave, serial_bayou_pond_a,
          serial_bayou_crossing
Snake:1:  serial_shops, shop_statue, basic_altar, grunt_megastairs_2,
          serial_bayou_shore_b, uniq_louise
Snake:2:  spider_trap, nicolae_snake_lava_pool
Snake:3:  serial_shops, shop_statue, stair_cage_cross
Snake:4:  snake_hunt, basic_altar, spider_trap, grunt_ministairs_6,
          nrook_loot_triangle, uniq_bai_suzhen
Orc:2:    st_orc_pillars, lab_entry_generic, mines3_lemuel, uniq_erolcha
Elf:1:    hangedman_elf_disciples, uniq_agnes
Elf:2:    basic_altar, glass_columns_c, uniq_azrael, uniq_saint_roka
Elf:3:    minmay_elf_hall_furrowed, hex_medium, nicolae_elf_big_sculpture_3
Lab:      labyrinth_spiral, nicolae_lab_starburst, lab_fountain,
          nicolae_lab_t_cross, labyrinth_glass_1, nicolae_lab_dead_end,
          lab_hedge, nicolae_lab_statue, nicolae_lab_very_dead_end,
          labyrinth_skeletal_remains, nicolae_lab_lava, nicolae_lab_diamond

Skill      XL: |  1  2  3  4  5  6  7  8  9 10 11 12 13 14 15 16 17 18 |
---------------+-------------------------------------------------------+-----
Stealth        | 4 5 6 7 9 11 13 14 15 | 15.0
Dodging        | 4 5 6 7 9 12 13 16 18 | 18.0
Short Blades   | 1 2 3 4 5 7 8 10 14 | 14.0
Fighting       | 2 3 6 8 |  8.4
Shields        | 6 |  6.6
Evocations     | 2 5 |  5.5
Armour         | 5 |  5.2
Spellcasting   | 10 12 14 15 16 | 16.6
Hexes          | 9 11 13 15 16 | 16.5
Summonings     | 7 |  7.0
Invocations    | 2 5 |  5.6
Conjurations   | |  0.6
Air Magic      | |  2.6

Action                   |  1- 3 |  4- 6 |  7- 9 | 10-12 | 13-15 | 16-18 || total
-------------------------+-------+-------+-------+-------+-------+-------++-------
Melee: Dagger            |    70 |    68 |   317 |  1014 |   122 |       ||  1591
       Unarmed           |     1 |       |       |       |       |       ||     1
       Rapier            |       |       |       |       |  1799 |  1509 ||  3308
       Quick blade       |       |       |       |       |       |     7 ||     7
 Cast: Shock             |   112 |    68 |   132 |   133 |    14 |     6 ||   465
       Confuse           |       |       |       |     1 |    57 |    83 ||   141
       Summon Mana Viper |       |       |       |       |    11 |    96 ||   107
       Cause Fear        |       |       |       |       |     6 |     7 ||    13
       Silence           |       |       |       |       |       |     9 ||     9
Invok: Shadow Step       |       |       |       |     2 |     9 |    13 ||    24
 Abil: Evoke Flight      |       |       |       |       |     2 |       ||     2
Evoke: Wand              |       |     2 |     2 |       |    11 |     2 ||    17
       Lightning rod     |       |       |       |       |    19 |       ||    19
  Use: Scroll            |     1 |     4 |     6 |    12 |    18 |     6 ||    47
       Potion            |       |       |     8 |       |       |     7 ||    15
 Stab: Sleeping          |     1 |     9 |    30 |    64 |   108 |    95 ||   307
       Paralysed         |       |     1 |     1 |       |       |       ||     2
       Distracted        |       |       |       |     9 |    18 |    17 ||    44
       Confused          |       |       |       |       |    24 |    39 ||    63
       Petrified         |       |       |       |       |     1 |       ||     1
       Fleeing           |       |       |       |       |     2 |       ||     2
  Eat: Royal jelly       |       |     2 |       |       |       |     1 ||     3
       Bread ration      |       |       |     1 |     2 |     3 |     4 ||    10
       Fruit             |       |       |       |       |     2 |       ||     2
Armor: Robe              |    21 |     3 |    10 |    11 |       |       ||    45
       Skin              |       |       |    88 |       |       |       ||    88
       Troll leather arm |       |       |       |    19 |    89 |    77 ||   185
Dodge: Dodged            |   112 |    44 |   284 |   627 |  1013 |   871 ||  2951
Block: Buckler           |       |       |       |   180 |   465 |   364 ||  1009

Table legend:
 A = Spawn XP
 B = Non-spawn XP
 C = Spawn XP percentage of total XP
 D = Spawn monster count
 E = Non-spawn monster count
 F = Spawn count percentage of total count
 G = Total turns spent on level
                    A         B        C        D         E        F      G
               +---------+---------+-------+---------+---------+-------+---------
         Total |   23658 |  304477 |   7.2 |      92 |    1006 |   8.4 | 39649
               +---------+---------+-------+---------+---------+-------+---------
           D:1 |       7 |      46 |  13.2 |       4 |      21 |  16.0 |  1583
           D:2 |       2 |      59 |   3.3 |       1 |      22 |   4.3 |  1430
           D:3 |      56 |     154 |  26.7 |       2 |      32 |   5.9 |  1069
           D:4 |      57 |     752 |   7.0 |       3 |      17 |  15.0 |  1190
           D:5 |      48 |     330 |  12.7 |       1 |      18 |   5.3 |   875
           D:6 |       0 |     318 |   0.0 |       0 |      10 |   0.0 |   489
           D:7 |      13 |     998 |   1.3 |       1 |      20 |   4.8 |   987
           D:8 |     918 |    2226 |  29.2 |       2 |      30 |   6.2 |  1282
           D:9 |      90 |    6819 |   1.3 |       6 |      49 |  10.9 |  2099
          D:10 |    1686 |    4134 |  29.0 |      12 |      37 |  24.5 |  2346
          D:11 |     310 |    7949 |   3.8 |       2 |      33 |   5.7 |  1553
          D:12 |     942 |    8068 |  10.5 |       4 |      39 |   9.3 |  1373
          D:13 |    1599 |    9179 |  14.8 |       5 |      41 |  10.9 |  1287
          D:14 |     837 |    9509 |   8.1 |       2 |      17 |  10.5 |   898
          D:15 |     548 |   23447 |   2.3 |       5 |      59 |   7.8 |  1392
        Lair:1 |       0 |    8819 |   0.0 |       0 |      33 |   0.0 |  1209
        Lair:2 |     240 |    3050 |   7.3 |       2 |      13 |  13.3 |  1150
        Lair:3 |     382 |    7575 |   4.8 |       2 |      21 |   8.7 |  1096
        Lair:4 |       0 |    2843 |   0.0 |       0 |      15 |   0.0 |   921
        Lair:5 |       0 |    5461 |   0.0 |       0 |      22 |   0.0 |   738
        Lair:6 |    1117 |   17803 |   5.9 |       4 |      70 |   5.4 |  1605
       Snake:1 |    1124 |   13417 |   7.7 |       1 |      30 |   3.2 |  1001
       Snake:2 |     782 |    7271 |   9.7 |       2 |      26 |   7.1 |  1114
       Snake:3 |    4290 |   22021 |  16.3 |       7 |      38 |  15.6 |  1706
       Snake:4 |    1739 |   34181 |   4.8 |       7 |      60 |  10.4 |  1511
         Orc:1 |       0 |     711 |   0.0 |       0 |       8 |   0.0 |   316
         Orc:2 |     348 |   11226 |   3.0 |       4 |      75 |   5.1 |  1659
         Elf:1 |     994 |   28046 |   3.4 |       3 |      44 |   6.4 |  1989
         Elf:2 |    3803 |   34202 |  10.0 |       7 |      62 |  10.1 |  2528
         Elf:3 |    1726 |   31484 |   5.2 |       3 |      36 |   7.7 |   988
           Lab |       0 |    2379 |   0.0 |       0 |       8 |   0.0 |   265
               +---------+---------+-------+---------+---------+-------+---------
